 Dungeon Crawl Stone Soup version 0.25-a0-663-gace7076f2c (webtiles) character file.

Game seed: 15514968379546191219, levelgen mode: deterministic

13 Alarkh the Insei (level 2, 24/24 HPs)
             Began as a Demonspawn Monk on Mar 25, 2020.
             Got out of the dungeon alive.
             The game lasted 00:00:33 (1214 turns).

Alarkh the Insei (Demonspawn Monk)                  Turns: 1214, Time: 00:00:33

Health: 24/24      AC:  2    Str: 11    XL:     2   Next: 24%
Magic:  2/2        EV: 13    Int: 11    God:
Gold:   40         SH:  0    Dex: 15    Spells: 1/1 levels left

rFire    . . .     SeeInvis .     - Unarmed
rCold    . . .     Gourm    .   (no shield)
rNeg     . . .     Faith    .   a - +0 robe
rPois    .         Spirit   +   (no helmet)
rElec    .         Reflect  .   (no cloak)
rCorr    .         Harm     .   (no gloves)
MR       .....                  (no boots)
Stlth    ++........             (no amulet)
HPRegen  0.08/turn              (no ring)
MPRegen  0.08/turn              (no ring)

@: no status effects
A: magic shield
a: no special abilities


You escaped.
You were not hungry.

You visited 1 branch of the dungeon, and saw 1 of its levels.

You collected 40 gold pieces.

Inventory:

Armour
 a - a +0 robe (worn)
Scrolls
 e - a scroll of magic mapping {unknown}
Potions
 c - a potion of might {unknown}
Comestibles
 b - 2 rations
 d - a chunk of flesh


   Skills:
 - Level 3.0 Fighting
 - Level 2.6 Dodging
 - Level 1.7 Stealth
 + Level 3.4 Unarmed Combat


You had one spell level left.
You didn't know any spells.
Your spell library was empty.

Dungeon Overview and Level Annotations

Branches:
Dungeon (1/15)

Altars:


Innate Abilities, Weirdness & Mutations

When hurt, damage is shared between your health and your magic reserves.


Message History

You kill the frilled lizard!
You see here a frilled lizard corpse.
You start resting.
Magic restored.
d - 2 chunks of flesh (gained 1)
You see here a frilled lizard skeleton. x2
You now have 40 gold pieces (gained 34).
d - 5 chunks of flesh (gained 3)
Items here: ))) [ ÷ † x2
There is an open door here.
There is an open door here.
Some of the chunks of flesh in your inventory have rotted away.
Eating one of 4 chunks of flesh.
You eat one of the 4 chunks of flesh.
This raw flesh tastes terrible.
You see here 15 stones.
HP restored.
Some of the chunks of flesh in your inventory have rotted away.
There is a staircase leading out of the dungeon here.
Are you sure you want to leave the Dungeon?
This will make you lose the game!
You have escaped!

##.#.#....#......# ..
##.#.#....#......##
..........'......'.
##.#.#.####......##
...................
###....####.####### ..'....'....#
###############
###....####.###...#.#...#...##
.....######.##..@....##..#...#
...÷...#....##.....####.###..####
.......#.##.###...####+## ##..##.
.......#.##.# #######'## #..#).
.......'.##.# #......## ###..#
.......####.# ###..##..# #.##
............# #..####..### ####
.######...).# #..#####...## ##..
.# #.....# ##...####...###...


There were no monsters in sight!

Vanquished Creatures
  2 goblins (D:1)
  A hobgoblin (D:1)
  4 jackals (D:1)
  A frilled lizard (D:1)
  A kobold (D:1)
  3 rats (D:1)
12 creatures vanquished.

Notes
Turn   | Place    | Note
-------+----------+-------------------------------------------
     0 | D:1      | Alarkh the Demonspawn Monk began the quest for the Orb.
     0 | D:1      | Reached XP level 1. HP: 18/18 MP: 1/1
   935 | D:1      | Gained mutation: When hurt, damage is shared between your
                  | health and your magic reserves. [demonic ancestry]
   935 | D:1      | Reached XP level 2. HP: 24/24 MP: 2/2
  1214 | D:$      | Got out of the dungeon alive.

Levels and vault maps discovered:
D:1:      dpeg_cavernosity, layout_basic, lemuel_flame_loot_1

Skill      XL: |  1 |
---------------+----+-----
Unarmed Combat | 3 |  3.4
Fighting       | |  3.0
Dodging        | |  2.6
Stealth        | |  1.7

Action                   || total
-------------------------++-------
Melee: Unarmed           ||    63
  Eat: Chunk             ||     1
Armor: Robe              ||    11
Dodge: Dodged            ||    49

Table legend:
 A = Non-vault XP
 B = Vault XP
 C = Vault XP percentage of total XP
 D = Non-vault monster count
 E = Vault monster count
 F = Vault count percentage of total count
                 A         B        C        D         E       F
            +---------+---------+-------+---------+---------+-------
      Total |      19 |       0 |   0.0 |      12 |       0 |   0.0
            +---------+---------+-------+---------+---------+-------
        D:1 |      19 |       0 |   0.0 |      12 |       0 |   0.0
            +---------+---------+-------+---------+---------+-------
